 Dungeon Crawl Stone Soup version 0.22-a0-422-g9628fc8 (webtiles) character file.

528 galech the Slasher (level 7, -8/52 HPs)
             Began as a Gnoll Wanderer on May 16, 2018.
             Mangled by Edmund
             ... wielding a +0 dire flail of protection
              (12 damage)
             ... on level 6 of the Dungeon.
             The game lasted 00:05:45 (4563 turns).

galech the Slasher (Gnoll Wanderer)                 Turns: 4563, Time: 00:05:46

Health: -8/52      AC:  9    Str: 13    XL:     7   Next: 23%
Magic:  19/19      EV: 12    Int: 13    God:
Gold:   276        SH:  0    Dex: 19    Spells: 7/10 levels left

rFire    . . .     SeeInvis .   c - +0 falchion
rCold    . . .     Gourm    .   (no shield)
rNeg     . . .     Faith    .   v - +2 scale mail {MR+}
rPois    .         Spirit   .   (no helmet)
rElec    .         Reflect  .   p - +0 cloak
rCorr    .         Harm     .   (no gloves)
MR       +....                  (no boots)
Stlth    +.........             (no amulet)
HPRegen  0.17/turn              g - ring of magical power
MPRegen  0.16/turn              u - +1 ring of slaying

@: no status effects
A: distributed training, fangs 1, strong nose
a: no special abilities


You were on level 6 of the Dungeon.
You were not hungry.

You visited 1 branch of the dungeon, and saw 6 of its levels.

You collected 276 gold pieces.

Inventory:

Hand Weapons
 c - a +0 falchion (weapon)
 o - a +2 quarterstaff of chaos
Missiles
 b - 4 throwing nets (quivered)
Armour
 p - a +0 cloak (worn)
 v - a +2 scale mail of magic resistance (worn)
Jewellery
 g - a ring of magical power (left hand)
 u - a +1 ring of slaying (right hand)
Wands
 s - a wand of iceblast (11)
Scrolls
 e - 6 scrolls of identify {unknown}
 i - a scroll of amnesia {unknown}
 l - a scroll of blinking {unknown}
 m - 2 scrolls of immolation {unknown}
 r - a scroll of remove curse {unknown}
 t - a scroll of teleportation {unknown}
 w - a scroll of enchant weapon {unknown}
Potions
 a - a potion of haste {unknown}
 d - 3 potions of curing
 j - a potion of mutation {unknown}
 k - a potion of ambrosia {unknown}
 n - a potion of lignification {unknown}
 q - a potion of heal wounds {unknown}
 x - a potion of berserk rage {unknown}
 z - a potion of invisibility {unknown}
Comestibles
 f - 8 rations
 h - 6 chunks of flesh


   Skills:
 + Level 3.5 Fighting
 + Level 2.3 Short Blades
 + Level 7.0 Long Blades
 + Level 2.3 Axes
 + Level 2.3 Maces & Flails
 + Level 2.3 Polearms
 + Level 5.1 Staves
 + Level 2.3 Slings
 + Level 2.3 Bows
 + Level 2.3 Crossbows
 + Level 2.3 Throwing
 + Level 2.3 Armour
 + Level 5.1 Dodging
 + Level 2.3 Stealth
 + Level 3.5 Shields
 + Level 2.3 Unarmed Combat
 + Level 2.3 Spellcasting
 + Level 1.9 Conjurations
 + Level 1.9 Hexes
 + Level 1.9 Charms
 + Level 1.9 Summonings
 + Level 1.9 Necromancy
 + Level 1.9 Translocations
 + Level 1.9 Transmutations
 + Level 1.9 Fire Magic
 + Level 1.9 Ice Magic
 + Level 1.9 Air Magic
 + Level 1.9 Earth Magic
 + Level 1.9 Poison Magic
 + Level 2.5 Invocations
 + Level 3.5 Evocations


You had 7 spell levels left.
You knew the following spells:

 Your Spells              Type           Power        Failure   Level  Hunger
a - Regeneration          Chrm/Necr      #.........   83%         3    ###....

Your spell library contained the following spells:

 Spells                   Type           Power        Failure   Level  Hunger
 Summon Small Mammal      Summ           #...         45%         1    #......
 Animate Dead             Necr           N/A          99%         4    #####..
 Pain                     Necr           #...         45%         1    #......
 Animate Skeleton         Necr           N/A          45%         1    #......
 Vampiric Draining        Necr           #.........   83%         3    ###....
 Summon Ice Beast         Ice/Summ       #.......     99%         4    #####..
 Call Imp                 Summ           #.......     61%         2    ###....
 Call Canine Familiar     Summ           #.......     83%         3    ###....
 Summon Lightning Spire   Summ/Air       #.......     99%         4    #####..
 Summon Guardian Golem    Hex/Summ       #.......     83%         3    ###....


Dungeon Overview and Level Annotations

Branches:
Dungeon (6/15)
 Temple: D:4-7

Altars:
Elyvilon
Fedhas
Kikubaaqudgha
Yredelemnul

Annotations:
D:5 p0werm0de's ghost, novice BaBe
D:6 Edmund


Innate Abilities, Weirdness & Mutations

Your experience applies equally to all skills.
You have very sharp teeth.
Your uncanny sense of smell can sniff out nearby items.


Message History

* * * LOW HITPOINT WARNING * * *
Your scale mail prevents you from hitting Edmund.
Edmund is severely wounded.
A worker ant comes into view.
Your scale mail prevents you from hitting Edmund.
Edmund is severely wounded.
Edmund hits you with a dire flail of protection!
* * * LOW HITPOINT WARNING * * *
The worker ant twitches its antennae in your direction.
You hit Edmund.
Edmund is severely wounded.
Edmund barely misses you.
You hit Edmund but do no damage.
Edmund is severely wounded.
Edmund misses you.
You hit Edmund but do no damage.
Edmund is severely wounded.
A wight comes into view. It is wielding an enchanted battleaxe.
Edmund hits you with a dire flail of protection!
You die...

###......#######
............#........#
##.z..................#####
..........................
..##
....................#####
.... #..a...............#
#.... #......# .#........#
#..5.##...^.#####........#
....@#.....@@...........#
#....#'####...........#
##.......................
#...................#####
#...................#
......#...........#....#
#....##...........#....#
#.... #..................
.... #..................


You could see Edmund, a worker ant and a wight (wandering).

Vanquished Creatures
  An ice beast (D:4)
  A bullfrog (D:6)
  A bullfrog zombie (D:6)
  2 orc priests (D:3)
  2 hounds (D:4)
  Crazy Yiuf (D:2)
  An iguana (D:4)
  Ijyb (D:3)
  6 adders
  A shadow imp (D:6)
  3 worms
  A dart slug (D:3)
  2 leopard geckos
  10 orcs
  A ball python (D:3)
  4 bats
  2 giant cockroaches
  5 goblins
  7 hobgoblins
  3 jackals (D:2)
  3 quokkas
  A frilled lizard (D:4)
  3 kobolds
  A leopard gecko skeleton (D:4)
  6 rats
69 creatures vanquished.

Notes
Turn   | Place    | Note
-------+----------+-------------------------------------------
     0 | D:1      | galech the Gnoll Wanderer began the quest for the Orb.
     0 | D:1      | galech set off with: a +0 leather armour, 4 throwing nets, a +0 falchion, a potion of curing, a ration
     0 | D:1      | Reached XP level 1. HP: 17/17 MP: 2/2
   198 | D:1      | Reached XP level 2. HP: 23/23 MP: 3/3
  1010 | D:2      | Reached XP level 3. HP: 20/28 MP: 4/4
  1110 | D:2      | Found a basalt altar of Yredelemnul.
  1425 | D:2      | Found a white marble altar of Elyvilon.
  1641 | D:2      | Found a runed door.
  1645 | D:2      | Noticed Crazy Yiuf
  2140 | D:3      | Reached skill level 1 in Invocations
  2208 | D:2      | Killed Crazy Yiuf
  2208 | D:2      | Reached skill level 1 in Short Blades
  2208 | D:2      | Reached skill level 1 in Axes
  2208 | D:2      | Reached skill level 1 in Maces & Flails
  2208 | D:2      | Reached skill level 1 in Polearms
  2208 | D:2      | Reached skill level 1 in Slings
  2208 | D:2      | Reached skill level 1 in Bows
  2208 | D:2      | Reached skill level 1 in Crossbows
  2208 | D:2      | Reached skill level 1 in Throwing
  2208 | D:2      | Reached skill level 1 in Armour
  2208 | D:2      | Reached skill level 1 in Stealth
  2208 | D:2      | Reached skill level 1 in Unarmed Combat
  2208 | D:2      | Reached skill level 1 in Spellcasting
  2208 | D:2      | Reached XP level 4. HP: 34/34 MP: 6/6
  2310 | D:3      | Reached skill level 1 in Conjurations
  2310 | D:3      | Reached skill level 1 in Hexes
  2310 | D:3      | Reached skill level 1 in Charms
  2310 | D:3      | Reached skill level 1 in Summonings
  2310 | D:3      | Reached skill level 1 in Necromancy
  2310 | D:3      | Reached skill level 1 in Translocations
  2310 | D:3      | Reached skill level 1 in Transmutations
  2310 | D:3      | Reached skill level 1 in Fire Magic
  2310 | D:3      | Reached skill level 1 in Ice Magic
  2310 | D:3      | Reached skill level 1 in Air Magic
  2310 | D:3      | Reached skill level 1 in Earth Magic
  2310 | D:3      | Reached skill level 1 in Poison Magic
  2320 | D:3      | Reached XP level 5. HP: 9/40 MP: 7/7
  2657 | D:3      | Found a blossoming altar of Fedhas.
  3007 | D:3      | Noticed Ijyb
  3019 | D:3      | Killed Ijyb
  3296 | D:4      | Found an ancient bone altar of Kikubaaqudgha.
  3304 | D:4      | Reached XP level 6. HP: 45/47 MP: 8/8
  3479 | D:4      | Learned a level 3 spell: Regeneration
  3838 | D:4      | Reached skill level 5 in Staves
  3838 | D:4      | Reached skill level 5 in Dodging
  3994 | D:4      | Noticed an ice beast
  4035 | D:4      | Killed an ice beast
  4357 | D:5      | Entered Level 5 of the Dungeon
  4401 | D:5      | Noticed p0werm0de's ghost (novice BaBe)
  4492 | D:6      | Reached XP level 7. HP: 52/52 MP: 10/10
  4496 | D:6      | Noticed Edmund
  4507 | D:6      | Reached skill level 7 in Long Blades
  4563 | D:6      | Mangled by Edmund

Vault maps used:
D:1:      sevenhm_arrival_forest_fort_large_3
D:2:      kennysheep_ying_yang, uniq_crazy_yiuf_cottage
D:3:      lemuel_crystal_altar, lemuel_another_geyser, uniq_ijyb
D:4:      lemuel_upstairs_altar, old_standard_altar
D:5:      first_ration, st_stairs_9
D:6:      wad_guarded_room, temple_fountains, uniq_edmund, uniq_sigmund

Skill      XL: |  1  2  3  4  5  6  7 |
---------------+----------------------+-----
Invocations    | 1 2 |  2.5
Short Blades   | 1 2 |  2.3
Axes           | 1 2 |  2.3
Maces & Flails | 1 2 |  2.3
Polearms       | 1 2 |  2.3
Slings         | 1 2 |  2.3
Bows           | 1 2 |  2.3
Crossbows      | 1 2 |  2.3
Throwing       | 1 2 |  2.3
Armour         | 1 2 |  2.3
Stealth        | 1 2 |  2.3
Unarmed Combat | 1 2 |  2.3
Spellcasting   | 1 2 |  2.3
Conjurations   | 1 |  1.9
Hexes          | 1 |  1.9
Charms         | 1 |  1.9
Summonings     | 1 |  1.9
Necromancy     | 1 |  1.9
Translocations | 1 |  1.9
Transmutations | 1 |  1.9
Fire Magic     | 1 |  1.9
Ice Magic      | 1 |  1.9
Air Magic      | 1 |  1.9
Earth Magic    | 1 |  1.9
Poison Magic   | 1 |  1.9
Fighting       | 3 |  3.5
Shields        | 3 |  3.5
Evocations     | 3 |  3.5
Staves         | 5 |  5.1
Dodging        | 5 |  5.1
Long Blades    | 7 |  7.0

Action                   |  1- 3 |  4- 6 |  7- 9 || total
-------------------------+-------+-------+-------++-------
Melee: Falchion          |    86 |   147 |    60 ||   293
       Bite              |    11 |    23 |     8 ||    42
       Punch             |     1 |     3 |     2 ||     6
 Stab: Sleeping          |     1 |       |       ||     1
  Eat: Chunk             |     3 |     5 |       ||     8
       Ration            |     1 |       |       ||     1
Armor: Ring mail         |    13 |    11 |       ||    24
       Scale mail        |       |    30 |     9 ||    39
Dodge: Dodged            |    49 |    93 |    31 ||   173
       Rpst.: Falchion   |    18 |    43 |    14 ||    75

Table legend:
 A = Spawn XP
 B = Non-spawn XP
 C = Spawn XP percentage of total XP
 D = Spawn monster count
 E = Non-spawn monster count
 F = Spawn count percentage of total count
 G = Total turns spent on level
                    A         B        C        D         E        F      G
               +---------+---------+-------+---------+---------+-------+---------
         Total |       0 |     755 |   0.0 |       0 |      69 |   0.0 |  4563
               +---------+---------+-------+---------+---------+-------+---------
           D:1 |       0 |      29 |   0.0 |       0 |      17 |   0.0 |   963
           D:2 |       0 |      64 |   0.0 |       0 |      11 |   0.0 |  1264
           D:3 |       0 |     186 |   0.0 |       0 |      21 |   0.0 |  1047
           D:4 |       0 |     321 |   0.0 |       0 |      13 |   0.0 |  1083
           D:5 |       0 |      12 |   0.0 |       0 |       4 |   0.0 |    57
           D:6 |       0 |     143 |   0.0 |       0 |       3 |   0.0 |   149
               +---------+---------+-------+---------+---------+-------+---------
